 Dungeon Crawl Stone Soup version 0.27.1-4-g1640c2035a (webtiles) character file.

Game seed: 6869909593322251765

219 tizbic2 the Ogre Mage (level 5, -1/50 HPs)
             Began as an Ogre Air Elementalist on Nov 13, 2021.
             Was a Believer of Yredelemnul.
             Slain by an ufetubus (4 damage)
             ... on level 4 of the Dungeon.
             The game lasted 00:19:49 (2680 turns).

tizbic2 the Ogre Mage (Ogre Air Elementalist)       Turns: 2680, Time: 00:19:50

Health: -1/50      AC:  3    Str: 12    XL:     5   Next: 96%
Magic:  19/19      EV: 10    Int: 17    God:    Yredelemnul [**....]
Gold:   59         SH:  0    Dex:  9    Spells: 5/11 levels left

rFire    . . .     SeeInvis .   j - +0 quarterstaff
rCold    . . .     Faith    .   (shield currently unavailable)
rNeg     . . .     Spirit   .   a - +0 robe
rPois    .         Reflect  .   (helmet restricted)
rElec    .         Harm     .   (no cloak)
rCorr    .         Rampage  .   (gloves unavailable)
Will     .....                  (boots unavailable)
Stlth    +.........             e - amulet of magic regeneration
HPRegen  0.16/turn              f - ring of magical power
MPRegen  0.41/turn              (no ring)

@: sluggish, attractive, very slow
A: large, unfitting armour, tough skin 1
a: Renounce Religion, Animate Remains, Recall Undead Slaves, Injury Mirror


You were on level 4 of the Dungeon.
You worshipped Yredelemnul.
Yredelemnul was pleased with you.
You visited 1 branch of the dungeon, and saw 4 of its levels.

You collected 59 gold pieces.

Inventory:

Hand Weapons
 g - a +0 mace
 j - a +0 quarterstaff (weapon)
Missiles
 c - 26 stones
 d - 2 boomerangs
 h - 9 poisoned darts
Armour
 a - a +0 robe (worn)
Jewellery
 e - an amulet of magic regeneration (around neck)
 f - a ring of magical power (left hand)
Scrolls
 b - 4 scrolls of identify
 k - a scroll of amnesia {unknown}


   Skills:
 + Level 2.3 Fighting
 + Level 1.8(2.1) Maces & Flails
 * Level 1.3(2.0) Staves
 + Level 2.4 Dodging
 - Level 1.4 Stealth
 + Level 3.5 Spellcasting
 + Level 1.2 Conjurations
 + Level 3.3 Air Magic
 + Level 1.5 Invocations


You had 5 spell levels left.
You knew the following spells:

 Your Spells              Type           Power      Damage    Failure   Level
a - Shock                 Conj/Air       40%        1d5       6%          1
b - Static Discharge      Conj/Air       10%        N/A       10%         2
c - Swiftness             Air            14%        N/A       13%         3

Your spell library contained the following spells:

 Spells                   Type           Power      Damage    Failure   Level
 Airstrike                Air            7%         N/A       38%         4


Dungeon Overview and Level Annotations

Branches:
Dungeon (4/15)
 Temple: D:4-7

Altars:
Dithmenos
Fedhas
Yredelemnul

Shops:
D:1 (

Annotations:
D:2 Terence


Innate Abilities, Weirdness & Mutations

You are too large for most types of armour.
You have tough skin. (AC +1)


Message History

i - a bubbling orange potion The sky beast closely misses you.
It was a potion of attraction.
You feel attractive to monsters.
Your orc zombie closely misses the sky beast.
The sky beast hits you but does no damage.
Casting: Shock (safe; 6% risk of failure)
Confirm with . or Enter, or press ? or * to list all spells.
You can't see any susceptible monsters within range! (Use Z to cast anyway.)
Casting: Shock (safe; 6% risk of failure)
Confirm with . or Enter, or press ? or * to list all spells.
You feel quick.
The sky beast hits you but does no damage.
Your orc zombie hits the sky beast with a +0 club.
The sky beast hits you.
* * * LOW HITPOINT WARNING * * *
The sky beast shocks you.
* * * LOW HITPOINT WARNING * * *
Your orc zombie misses the sky beast.
Found an Everburning Encyclopedia.
The sky beast is pulled toward you!
An adder and an ufetubus come into view.
The ufetubus shouts!
You hear an angry hiss.
The ufetubus is pulled toward you! The adder is pulled toward you!
The adder is pulled toward you! The sky beast is pulled toward you!
The sky beast is pulled toward you! The sky beast is pulled toward you!
You start to feel a little slower.
The ufetubus hits you.
* * * LOW HITPOINT WARNING * * *
The ufetubus hits you but does no damage.
The adder is pulled toward you! The sky beast is pulled toward you!
The sky beast closely misses you. The ufetubus closely misses you.
The ufetubus barely misses you. The sky beast is pulled toward you!
The adder is pulled toward you! The sky beast is pulled toward you!
You feel sluggish. The ufetubus hits you.
You die...
Your body rises from the dead as a mindless zombie.

#.# #.# #.# # # ##>##.
### .#.## .... #.#
#....####.# ##.#.####
#......######.###....
#.@<....#....#.####
#5#####.#.###.##
#S#####.#.# ### #...#
#.##......# ## #...#
#Y##.##.### .. #...#
#.##.##.# ... #...#
##........
..:####...####.###.##.#
.................#.##.#


You could see a sky beast, an adder and an ufetubus.

Vanquished Creatures
  A necrophage (D:3)
  2 adders (D:2)
  An adder skeleton (D:4)
  A worm (D:2)
  2 dart slugs (D:3)
  4 orcs
  3 endoplasms
  4 goblins
  3 hobgoblins (D:1)
  3 jackals (D:3)
  A quokka (D:1)
  6 ball pythons
  5 bats
  2 frilled lizards
  A goblin zombie (D:3)
  4 kobolds
  An orc zombie (D:3)
  3 rats (D:1)
47 creatures vanquished.

Vanquished Creatures (collateral kills)
  A necrophage (D:3)
  A hound skeleton (D:4)
  A bat (D:2)
  An endoplasm (D:3)
4 creatures vanquished.

Vanquished Creatures (others)
  A bat zombie (D:2)
  2 ball python zombies
  A jackal zombie (D:3)
  A kobold zombie (D:3)
  An orc zombie (D:4)
6 creatures vanquished.

Grand Total: 57 creatures vanquished

Notes
Turn   | Place    | Note
-------+----------+-------------------------------------------
     0 | D:1      | tizbic2 the Ogre Air Elementalist began the quest for the
                  | Orb.
     0 | D:1      | Reached XP level 1. HP: 16/16 MP: 3/3
   165 | D:1      | Found Eged's Weapon Boutique.
   213 | D:1      | Reached XP level 2. HP: 17/24 MP: 3/5
   233 | D:1      | Found a faded altar of an unknown god.
   241 | D:1      | Became a worshipper of Yredelemnul the Dark
   241 | D:1      | Reached * piety under Yredelemnul
   793 | D:2      | Reached XP level 3. HP: 24/31 MP: 3/7
   842 | D:2      | Reached skill level 1 in Fighting
  1111 | D:2      | Reached skill level 1 in Conjurations
  1173 | D:2      | Noticed Terence
  1195 | D:3      | Reached skill level 1 in Maces & Flails
  1254 | D:3      | Reached ** piety under Yredelemnul
  1308 | D:3      | Reached XP level 4. HP: 37/41 MP: 8/8
  1309 | D:3      | Noticed a necrophage
  1357 | D:3      | Killed a necrophage
  1475 | D:3      | Found a shadowy altar of Dithmenos.
  1565 | D:3      | Learned a level 2 spell: Static Discharge
  1575 | D:3      | Reached XP level 5. HP: 49/49 MP: 9/9
  1751 | D:3      | Found a blossoming altar of Fedhas.
  1808 | D:3      | Learned a level 3 spell: Swiftness
  2004 | D:4      | Noticed a necrophage
  2038 | D:3      | Killed a necrophage
  2039 | D:3      | Reached skill level 1 in Staves
  2039 | D:3      | Reached skill level 1 in Invocations
  2424 | D:4      | Noticed a sky beast
  2672 | D:4      | HP: 2/50 [ufetubus (3)]
  2680 | D:4      | Slain by an ufetubus

Illustrated notes

Levels and vault maps discovered:
D:1:      dpeg_arrival_boxes_within_box, layout_loops_ring,
          basic_ecumenical_altar, serial_shops, shop
D:2:      layout_loops_ring, nrook_mini_backslash, minmay_bisected,
          uniq_jessica, uniq_terence, uniq_robin
D:3:      layout_loops_ring, mainiacjoe_overflow_paths,
          mainiacjoe_overflow_six_doors_small
D:4:      layout_loops_cross

Skill      XL: |  1  2  3  4  5 |
---------------+----------------+-----
Air Magic      | 3 |  3.3
Spellcasting   | 3 |  3.5
Fighting       | 1 2 |  2.3
Conjurations   | 1 |  1.2
Maces & Flails | 1 |  1.8
Dodging        | 2 |  2.4
Staves         | 1 |  1.3
Invocations    | 1 |  1.5
Stealth        | |  1.4

Action                   |  1- 3 |  4- 6 || total
-------------------------+-------+-------++-------
Melee: Unarmed           |    16 |       ||    16
       Dagger            |    11 |       ||    11
       Mace              |    41 |    10 ||    51
       Quarterstaff      |       |    31 ||    31
 Cast: Shock             |    25 |     3 ||    28
       Static Discharge  |       |     6 ||     6
       Swiftness         |       |     4 ||     4
Invok: Animate Remains   |     4 |     7 ||    11
       Recall Undead Sla |       |     2 ||     2
  Use: Scroll            |     2 |     1 ||     3
       Potion            |     1 |     2 ||     3
 Stab: Sleeping          |     2 |     1 ||     3
Armor: Robe              |    28 |    18 ||    46
       Skin              |    20 |    10 ||    30
Dodge: Dodged            |    37 |    36 ||    73
